 Dungeon Crawl Stone Soup version 0.29-a0-872-g797fff5ad1 (webtiles) character file.

Game seed: 1071983614742550517

17 jimonade the Shield-Bearer (level 2, -2/24 HPs)
             Began as a Formicid Fighter on July 19, 2022.
             Slain by a hobgoblin
             ... wielding a +0 mace
              (5 damage)
             ... on level 1 of the Dungeon.
             The game lasted 00:00:56 (518 turns).

jimonade the Shield-Bearer (Formicid Fighter)        Turns: 518, Time: 00:00:57

Health: -2/24      AC: 10    Str: 20    XL:     2   Next: 80%
Magic:  3/3        EV:  9    Int:  7    God:
Gold:   12         SH:  5    Dex: 13    Spells: 2/2 levels left

rFire   . . .      SeeInvis +   a - +0 long sword
rCold   . . .      Faith    .   c - +0 buckler
rNeg    . . .      Spirit   .   b - +0 scale mail
rPois   .          Reflect  .   (helmet unavailable)
rElec   .          Harm     .   (no cloak)
rCorr   .          Rampage  .   (no gloves)
Will    .....                   (no boots)
Stlth   ..........              (no amulet)
HPRegen 0.08/turn               e - +4 ring of protection
MPRegen 0.08/turn               (no ring)

@: no status effects
A: permanent stasis, dig shafts and tunnels, antennae 3, four strong arms
a: Dig, Shaft Self


You were on level 1 of the Dungeon.
You visited 1 branch of the dungeon, and saw 1 of its levels.

You collected 12 gold pieces.

Inventory:

Hand Weapons
 a - a +0 long sword (weapon)
Armour
 b - a +0 scale mail (worn)
 c - a +0 buckler (worn)
Jewellery
 e - a +4 ring of protection (left hand)
Potions
 d - a potion of might


   Skills:
 + Level 3.5 Fighting
 + Level 2.2 Long Blades
 + Level 3.4 Armour
 + Level 0.1 Dodging
 + Level 4.2 Shields
 * Level 0.8 Spellcasting


You had 2 spell levels left.
You didn't know any spells.
Your spell library was empty.

Dungeon Overview and Level Annotations

Branches:
Dungeon (1/15)

Altars:


Innate Abilities, Weirdness & Mutations

You cannot be hasted, slowed, berserked, paralysed or teleported.
You can dig through walls and to a lower floor.
You have a pair of large antennae on your head. (SInv)
Your four strong arms can wield two-handed weapons with a shield.


Message History

The hobgoblin is almost dead.
The hobgoblin hits you with a +0 mace.
You hit the hobgoblin but do no damage.
The hobgoblin is almost dead.
The hobgoblin barely misses you. The hobgoblin blocks your attack.
The hobgoblin is almost dead.
The hobgoblin barely misses you. You block the hobgoblin's attack.
The hobgoblin blocks your attack.
The hobgoblin is almost dead.
The hobgoblin hits you with a +0 mace. The hobgoblin blocks your attack.
The hobgoblin is almost dead.
You block the hobgoblin's attack. The hobgoblin blocks your attack.
The hobgoblin is almost dead.
The hobgoblin hits you with a +0 mace. You block the hobgoblin's attack.
You are too injured to fight recklessly!
The hobgoblin blocks your attack.
The hobgoblin is almost dead.
The hobgoblin barely misses you.
You barely miss the hobgoblin.
The hobgoblin is almost dead.
The hobgoblin hits you with a +0 mace.
* * * LOW HITPOINT WARNING * * *
You barely miss the hobgoblin.
The hobgoblin is almost dead.
The hobgoblin hits you with a +0 mace.
* * * LOW HITPOINT WARNING * * *
The hobgoblin closely misses you. The hobgoblin blocks your attack.
The hobgoblin is severely wounded.
The hobgoblin closely misses you.
You hit the hobgoblin but do no damage.
The hobgoblin is severely wounded.
You block the hobgoblin's attack.
You barely miss the hobgoblin.
The hobgoblin is severely wounded.
The hobgoblin hits you with a +0 mace.
You die...

##.#.#..... .......
.......... .......
#...#..... .......
##..#...... .......
#.......... .......
#....>..... .......
##....##....
.......####........# .
.......g@.).....#....
..#.........†..#....#..
.....#####.....#...## .
......###..........#
...#.............##
...............### #
#....##............
#.#.. #...#....#..##.
##.#...
#.#.........###..#....


You could see a hobgoblin (reflecting).

Vanquished Creatures
  3 endoplasms (D:1)
  A giant cockroach (D:1)
  A goblin (D:1)
  4 hobgoblins (D:1)
  A quokka (D:1)
  A bat (D:1)
  A frilled lizard (D:1)
  3 rats (D:1)
15 creatures vanquished.

Notes
Turn   | Place    | Note
-------+----------+-------------------------------------------
     0 | D:1      | jimonade the Formicid Fighter began the quest for the Orb.
     0 | D:1      | Reached XP level 1. HP: 18/18 MP: 1/1
   254 | D:1      | Reached XP level 2. HP: 24/24 MP: 2/2
   518 | D:1      | Slain by a hobgoblin

Illustrated notes

Levels and vault maps discovered:
D:1:      zelgadis_glass_arrival_small, layout_rooms, lemuel_another_geyser

Action                   || total
-------------------------++-------
Melee: Long sword        ||    71
Armor: Scale mail        ||    25
Dodge: Dodged            ||    28
Block: Buckler           ||    22

Table legend: (Time is in decaauts)
 A = Elapsed time spent in this place.
 B = Non-inter-level travel time spent in this place.
 C = Inter-level travel time spent in this place.
 D = Time resting spent in this place.
 E = Time spent auto-exploring this place.
 F = Levels seen in this place.
 G = Mean time per level.
                   A        B        C        D        E       F      G
               +--------+--------+--------+--------+--------+-----+--------+
         Total |    539 |    539 |      0 |      0 |    362 |   1 |  539.0 |
       Dungeon |    539 |    539 |      0 |      0 |    362 |   1 |  539.0 |
               +--------+--------+--------+--------+--------+-----+--------+

Top non-repeatable levels by time:
     D:1: 539 daAuts
